 Dungeon Crawl Stone Soup version 0.19.5 (webtiles) character file.

751 Gargoyl the Chopper (level 7, 0/61 HPs)
             Began as a Ghoul Abyssal Knight on May 23, 2017.
             Was a Priest of Lugonu.
             Slain by Prince Ribbit (4 damage)
             ... on level 5 of the Dungeon.
             The game lasted 00:08:20 (3460 turns).

Gargoyl the Chopper (Ghoul Abyssal Knight)          Turns: 3460, Time: 00:08:20

Health: 0/61       AC: 11    Str: 16    XL:     7   Next: 78%
Magic:  7/7        EV:  9    Int:  7    God:    Lugonu [***...]
Gold:   190        SH:  5    Dex: 10    Spells: 0 memorised, 6 levels left

rFire  x . .     SeeInvis .     a - +3 hand axe
rCold  + + +     Gourm    .     d - +0 ice dragon scales
rNeg   + + +     Faith    .     h - +2 buckler
rPois  ∞         Spirit   .     (no helmet)
rElec  .         Reflect  .     (no cloak)
rCorr  .         Harm     .     (no gloves)
MR     .....                    i - +0 pair of boots
Stlth  ..........               (no amulet)
                                (no ring)
                                (no ring)

@: rotting
A: rotting body, claws 1, carnivore 3, cold resistance 1, negative energy
resistance 3, slow regeneration 1, torment resistance, unbreathing
a: Depart the Abyss, Bend Space, Banish, Renounce Religion


You were on level 5 of the Dungeon.
You worshipped Lugonu.
Lugonu was most pleased with you.
You were not hungry.

You visited 1 branch of the dungeon, and saw 5 of its levels.
You visited the Abyss 1 time.

You collected 190 gold pieces.

Inventory:

Hand Weapons
 a - a +3 hand axe (weapon)
 g - a +0 spear
Armour
 d - +0 ice dragon scales (worn)
 h - a +2 buckler (worn)
 i - a +0 pair of boots (worn)
 p - a +0 scale mail
Jewellery
 u - an uncursed amulet of rage {unknown}
Wands
 o - a wand of iceblast (1/15)
Scrolls
 n - 3 scrolls of identify
 q - a scroll of remove curse
Potions
 e - 2 potions of haste
 f - 2 potions of curing {unknown}
 j - 3 potions of lignification {unknown}
 l - 3 potions of heal wounds {unknown}
Books
 t - a book of Callings

   Spells                             Type                      Level
   a - Summon Small Mammal            Summoning                    1
   b - Call Imp                       Summoning                    2
   c - Call Canine Familiar           Summoning                    3
   d - Summon Guardian Golem          Hexes/Summoning              3
   e - Summon Lightning Spire         Summoning/Air                4
   f - Summon Ice Beast               Ice/Summoning                4
Comestibles
 b - a royal jelly
 c - 2 meat rations
 k - a beef jerky
 m - 5 chunks of flesh


   Skills:
 + Level 5.2 Fighting
 + Level 5.4 Axes
 + Level 4.0 Armour
 + Level 1.8 Dodging
 + Level 1.3 Shields
 + Level 2.0 Invocations


You had 6 spell levels left.
You didn't know any spells.

Dungeon Overview and Level Annotations

Branches:
Dungeon (5/15)
 Temple: D:4-7

Altars:
Cheibriados
Gozag
Hepliaklqana
Okawaru
Trog
Yredelemnul
Zin

Annotations:
D:5 Prince Ribbit


Innate Abilities, Weirdness & Mutations

Your body is rotting away.
You thrive on raw meat.
You are immune to poison.
You have sharp fingernails.
You are carnivorous and can eat meat at any time.
Your flesh is cold resistant. (rC+)
You are immune to negative energy. (rN+++)
You regenerate slowly when monsters are visible.
You are immune to unholy pain and torment.
You can survive without breathing.


Message History

Prince Ribbit is moderately wounded.
Prince Ribbit closely misses you.
You hit Prince Ribbit.
Prince Ribbit is heavily wounded.
Prince Ribbit hits you!
Prince Ribbit hits you but does no damage.
You hit Prince Ribbit.
Prince Ribbit is heavily wounded.
Prince Ribbit hits you.
* * * LOW HITPOINT WARNING * * *
You hit Prince Ribbit.
Prince Ribbit is heavily wounded.
Prince Ribbit croaks regally.
Prince Ribbit hits you!
* * * LOW HITPOINT WARNING * * *
Prince Ribbit closely misses you.
Eat one of 5 chunks of flesh? (ye/n/q)
You start eating one of the 5 chunks of flesh.
Prince Ribbit hits you.
You die...

# #.# #..#(# # #.#
#..#.# # #
#.#####..#.### .#
####.#....(.....## .
...........<.....#.#
####.........>#..#.#
###.#.#..>......#
#.#.######<.#......
#.#.######.@# .....
#..#.......F# ##..
###.#######.# . #.#
#<# #.# #.# #.#


You could see Prince Ribbit.

Vanquished Creatures
  Grinder (D:3)
  An ogre (D:4)
  2 scorpions (D:4)
  A howler monkey (D:4)
  An orc wizard (D:4)
  A centaur skeleton (D:4)
  Jessica (D:3)
  Ijyb (D:3)
  2 worker ants (D:4)
  A worker ant zombie (D:4)
  4 gnolls
  4 adders
  2 oozes (D:3)
  An adder skeleton (D:5)
  4 worms
  8 dart slugs
  3 leopard geckos
  4 orcs
  A ball python (D:2)
  5 giant cockroaches
  5 goblins
  7 hobgoblins
  2 quokkas
  6 bats
  7 frilled lizards
  7 kobolds
  6 rats
88 creatures vanquished.

Notes
Turn   | Place    | Note
-------+----------+-------------------------------------------
     0 | Abyss:1  | Gargoyl the Ghoul Abyssal Knight began the quest for the Orb.
     0 | Abyss:1  | Reached XP level 1. HP: 19/19 MP: 1/1
    53 | Abyss:2  | Noticed a large abomination
    73 | Abyss:2  | Noticed a quasit
   102 | Abyss:2  | Found a corrupted altar of Lugonu.
   144 | Abyss:2  | Noticed an ettin zombie
   144 | D:1      | Escaped the Abyss
   199 | D:1      | Reached XP level 2. HP: 24/26 MP: 2/2
   330 | D:1      | Reached * piety under Lugonu
   557 | D:1      | Reached XP level 3. HP: 30/33 MP: 3/3
   857 | D:2      | Found an iron altar of Okawaru.
  1204 | D:2      | Reached XP level 4. HP: 36/40 MP: 4/4
  1263 | D:1      | Reached ** piety under Lugonu
  1281 | D:1      | Reached skill level 1 in Dodging
  1587 | D:2      | Found a faded altar of an unknown god.
  1587 | D:2      | Found a basalt altar of Yredelemnul.
  1592 | D:2      | Found a hazy altar of Hepliaklqana.
  1594 | D:2      | Found a snail-covered altar of Cheibriados.
  1596 | D:2      | Found a bloodstained altar of Trog.
  1639 | D:2      | Found an opulent altar of Gozag.
  1639 | D:2      | Found a glowing silver altar of Zin.
  1776 | D:3      | Reached XP level 5. HP: 36/45 MP: 5/5
  1980 | D:3      | Noticed Grinder
  1996 | D:3      | Paralysed by Grinder for 7 turns
  2004 | D:3      | Killed Grinder
  2004 | D:3      | Reached XP level 6. HP: 12/52 MP: 6/6
  2223 | D:3      | Noticed Jessica
  2226 | D:3      | Killed Jessica
  2497 | D:3      | Noticed Ijyb
  2510 | D:3      | Killed Ijyb
  2609 | D:4      | Reached XP level 7. HP: 60/60 MP: 7/7
  2729 | D:4      | Reached skill level 1 in Shields
  2884 | D:4      | Reached skill level 5 in Axes
  2957 | D:4      | Reached skill level 5 in Fighting
  3387 | D:5      | Entered Level 5 of the Dungeon
  3407 | D:5      | Noticed Prince Ribbit
  3421 | D:4      | Reached *** piety under Lugonu
  3459 | D:5      | HP: 3/61 [Prince Ribbit (15)]
  3460 | D:5      | Slain by Prince Ribbit

Skill      XL: |  1  2  3  4  5  6  7 |
---------------+----------------------+-----
Armour         | 2 3 4 |  4.0
Axes           | 2 3 4 5 |  5.4
Fighting       | 4 5 |  5.2
Dodging        | 1 |  1.8
Shields        | 1 |  1.3
Invocations    | |  2.0

Action                   |  1- 3 |  4- 6 |  7- 9 || total
-------------------------+-------+-------+-------++-------
Melee: Hand axe          |   128 |   144 |   118 ||   390
Invok: Depart the Abyss  |     1 |       |       ||     1
Evoke: Wand              |       |     1 |     1 ||     2
  Use: Scroll            |     5 |     5 |     2 ||    12
  Eat: Chunk             |    10 |    23 |    17 ||    50
Armor: Leather armour    |     4 |       |       ||     4
       Ice dragon scales |    66 |    61 |    39 ||   166
Dodge: Dodged            |    61 |    39 |    42 ||   142
Block: Buckler           |     6 |    28 |    30 ||    64
